Map: Persephone LE

Players

LigerMaNN - Winner!

  • Race: Zerg Zerg
  • League: Diamond
  • Spawn Location: 11:00

A.I. 1 (Elite)

  • Race: Protoss Protoss
  • Spawn Location: 7:00

VOD

Have the link to the VOD?

Description

Time

  • Played on: June 3, 2025, 1:02 a.m.
  • Length: 17:54
Show
View Real Time Build Order
Export as new Build Order

LigerMaNN Zerg - Winner!

Build Orders: Hatch First, Lurkers 

Get SALT Encoding   

  12  0:01  Drone  
  13  0:12  Overlord  
  13  0:16  Drone  
  14  0:31  Drone x2  
  16  0:38  Drone  
  17  0:51  Hatchery  
  17  0:54  Drone  
  17  0:57  Drone  
  18  1:11  Extractor  
  18  1:13  Spawning Pool  
  18  1:15  Drone  
  17  1:19  Drone  
  18  1:28  Drone  
  19  1:38  Overlord  
  19  2:03  Queen x2  
  19  2:04  Zergling x2  
  19  2:05  Zergling x4  
  26  2:13  Metabolic Boost  
  26  2:22  Drone x2  
  28  2:25  Drone x2  
  30  2:42  Hatchery  
  29  2:47  Overlord  
  29  2:50  Drone  
  30  2:58  Queen  
  31  3:11  Pneumatized Carapace  
  31  3:18  Drone  
  31  3:19  Drone x5  
  37  3:21  Drone  
  37  3:23  Drone  
  37  3:26  Drone  
  40  3:43  Queen  
  40  4:05  Queen x2  
  40  4:08  Overlord x3  
  40  4:09  Drone x4  
  49  4:10  Drone  
  49  4:14  Extractor  
  49  4:15  Extractor  
  47  4:18  Drone x3  
  47  4:20  Overlord  
  50  4:26  Queen  
  52  4:47  Lair  
  52  4:51  Hatchery  
  51  4:59  Baneling Nest  
  50  5:02  Evolution Chamber  
  50  5:04  Evolution Chamber  
  48  5:20  Drone x16  
  64  5:29  Zerg Melee Weapons Level 1  
  64  5:30  Zerg Ground Armor Level 1  
  64  5:35  Extractor  
  63  5:36  Extractor  
  63  5:37  Extractor  
  61  5:45  Hatchery  
  60  5:50  Hydralisk Den  
  59  5:58  Drone x7  
  59  6:02  Overlord  
  59  6:03  Overlord  
  66  6:19  Drone  
  66  6:22  Drone x4  
  66  6:24  Drone x7  
  66  6:25  Drone  
  79  6:26  Drone  
  79  6:30  Muscular Augments  
  80  6:34  Centrifugal Hooks  
  80  6:39  Drone x2  
  84  6:40  Drone x2  
  84  6:41  Drone  
  85  6:56  Zergling x6  
  85  6:57  Overlord  
  85  6:58  Overlord x3  
  88  7:03  Drone x4  
  88  7:04  Drone x2  
  94  7:10  Extractor  
  94  7:11  Drone x2, Extractor  
  94  7:26  Zerg Melee Weapons Level 2  
  94  7:27  Zerg Ground Armor Level 2  
  94  7:29  Zergling x32  
  110  7:33  Grooved Spines  
  110  7:51  Hydralisk x7  
  110  7:52  Hydralisk  
  110  7:55  Baneling x9  
  110  7:56  Baneling x12  
  126  7:59  Overlord  
  126  8:00  Overlord  
  126  8:01  Overlord  
  126  8:02  Hatchery  
  125  8:11  Drone  
  126  8:25  Hydralisk  
  126  8:26  Hydralisk x11  
  150  8:51  Infestation Pit  
  149  8:56  Drone  
  149  8:58  Overlord x3  
  149  8:59  Overlord  
  139  9:38  Zergling x26  
  139  9:39  Zergling x36  
  166  9:48  Lurker Den  
  166  9:51  Hive  
  135  10:17  Zergling x34  
  135  10:18  Zergling x6  
  132  10:28  Zergling x12  
  125  11:06  Zergling x12  
  125  11:07  Zergling x42  
  125  11:10  Baneling  
  152  11:11  Baneling x11  
  152  11:12  Baneling x30  
  152  11:16  Zerg Melee Weapons Level 3, Zerg Ground Armor Level 3  
  152  11:18  Adrenal Glands  
  152  11:19  Adaptive Talons  
  152  11:22  Hydralisk  
  152  11:23  Hydralisk x5  
  164  11:47  Drone x3  
  164  11:48  Drone x5  
  164  11:53  Overlord x5  
  126  12:10  Zergling x38  
  126  12:13  Lurker x10  
  126  12:15  Hydralisk x3  
  154  12:16  Seismic Spines  
  160  12:25  Unknown  
  160  12:30  Baneling x11  
  160  12:31  Zergling x18  
  156  12:58  Hydralisk x9  
  156  12:59  Hydralisk x12  
  193  13:32  Ultralisk Cavern  
  176  13:52  Lurker  
  136  14:20  Zergling x26  
  136  14:21  Zergling x36  
  167  14:25  Chitinous Plating  
  167  14:35  Ultralisk x5  
  197  14:40  Zergling x4  
  196  14:58  Baneling x3  
  196  14:59  Baneling x24  
  196  15:22  Zerg Missile Weapons Level 1  
  192  15:44  Anabolic Synthesis  
  192  15:54  Hatchery  
  189  16:00  Hatchery  
  178  16:16  Ultralisk  
  178  16:17  Ultralisk x2  
  192  17:27  Hydralisk x3  
Show
View Real Time Build Order
Export as new Build Order

A.I. 1 (Elite) Protoss 

Build Orders: 1 Gate Expand, Zealot Archon 

Get SALT Encoding   

  12  0:00  Probe  
  13  0:13  Probe  
  14  0:19  Pylon  
  14  0:25  Probe  
  15  0:34  Probe  
  15  0:42  Probe  
  17  0:50  Gateway  
  17  0:52  Probe  
  18  1:00  Probe  
  19  1:08  Probe  
  19  1:11  Assimilator  
  19  1:14  Pylon  
  20  1:29  Nexus  
  20  1:40  Cybernetics Core  
  20  1:41  Probe  
  21  1:48  Zealot  
  23  2:00  Probe  
  23  2:01  Gateway  
  24  2:08  Probe  
  24  2:10  Pylon  
  25  2:19  Zealot  
  25  2:20  Probe  
  28  2:25  Warp Gate  
  28  2:31  Probe  
  28  2:34  Assimilator  
  29  2:39  Probe  
  30  2:44  Adept  
  30  2:49  Probe  
  30  2:50  Adept  
  35  3:01  Probe  
  35  3:03  Pylon  
  35  3:04  Probe  
  36  3:06  Adept  
  36  3:17  Stalker  
  38  3:27  Probe, Stalker  
  41  3:37  Probe  
  41  3:38  Gateway  
  44  3:45  Stalker  
  44  3:46  Probe  
  47  3:50  Stalker  
  47  3:54  Probe  
  48  3:58  Probe  
  51  4:06  Probe  
  51  4:07  Probe  
  52  4:15  Probe  
  53  4:18  Probe  
  53  4:22  Stalker  
  57  4:25  Probe  
  57  4:27  Stalker  
  57  4:30  Probe  
  61  4:31  Pylon  
  61  4:38  Pylon  
  61  4:49  Probe x2, Stalker x2  
  67  4:56  Stalker  
  69  5:01  Probe x2  
  69  5:03  Pylon  
  69  5:05  Stalker  
  73  5:12  Pylon  
  73  5:13  Probe x2, Stalker  
  77  5:20  Stalker  
  79  5:24  Stalker  
  79  5:26  Probe x2  
  83  5:30  Pylon  
  83  5:36  Stalker  
  83  5:38  Probe x2  
  83  5:41  Stalker  
  89  5:44  Stalker  
  89  5:46  Twilight Council  
  91  5:50  Probe x2  
  91  5:52  Pylon  
  93  6:00  Assimilator  
  93  6:03  Assimilator  
  93  6:10  Zealot  
  95  6:14  Pylon  
  95  6:28  Templar Archives  
  95  6:30  Forge  
  95  6:34  Gateway, Nexus  
  95  6:55  Sentry  
  97  7:02  Protoss Ground Weapons Level 1  
  97  7:04  Forge, Sentry  
  97  7:05  Pylon  
  97  7:06  High Templar  
  101  7:10  Zealot  
  101  7:12  Robotics Facility  
  103  7:23  Photon Cannon  
  103  7:26  Photon Cannon  
  103  7:27  High Templar  
  103  7:28  Photon Cannon  
  105  7:32  Gateway  
  105  7:40  Pylon  
  105  7:42  Pylon, Probe, Archon, High Templar  
  107  7:46  Probe x2  
  107  7:50  Probe  
  110  7:53  High Templar  
  110  7:54  Assimilator  
  110  7:56  Pylon  
  110  7:57  Assimilator  
  110  7:58  Probe  
  114  7:59  Probe  
  114  8:00  Probe  
  114  8:01  Observer, Photon Cannon  
  117  8:10  Probe  
  117  8:12  Probe x2  
  120  8:16  Photon Cannon  
  120  8:17  Psionic Storm  
  120  8:19  Archon  
  120  8:20  Warp Prism  
  120  8:22  Probe x2  
  120  8:23  Pylon  
  120  8:25  Probe  
  125  8:28  High Templar  
  125  8:31  Probe  
  127  8:34  Probe  
  127  8:37  Probe  
  127  8:38  High Templar  
  127  8:40  Probe  
  132  8:43  Protoss Ground Armor Level 1, Probe  
  132  8:44  Photon Cannon  
  134  8:50  Photon Cannon  
  134  8:52  Probe  
  134  8:53  High Templar  
  137  8:55  Warp Prism  
  137  8:58  Nexus  
  137  9:01  Photon Cannon  
  137  9:02  High Templar  
  141  9:07  Photon Cannon  
  141  9:08  Sentry  
  141  9:09  Archon  
  143  9:18  Gateway, High Templar  
  143  9:21  Zealot  
  147  9:26  Zealot  
  147  9:27  Blink  
  149  9:31  Zealot  
  149  9:32  Pylon  
  149  9:34  Zealot  
  149  9:35  Archon  
  149  9:38  Zealot  
  155  9:46  Sentry  
  155  9:50  Zealot  
  155  9:51  Adept  
  155  9:52  High Templar  
  163  9:54  Pylon  
  163  9:55  Observer  
  164  10:02  Zealot  
  164  10:05  Photon Cannon, Zealot  
  168  10:08  Photon Cannon  
  168  10:09  Zealot  
  168  10:11  Zealot  
  168  10:12  Zealot  
  168  10:13  Observer  
  145  10:19  Zealot x2  
  127  10:21  Assimilator  
  127  10:22  Zealot  
  105  10:29  Pylon, Zealot  
  105  10:30  Assimilator  
  105  10:31  Zealot  
  105  10:32  Adept  
  105  10:34  Stalker  
  103  10:36  Sentry  
  103  10:42  High Templar  
  101  10:44  Zealot  
  91  10:51  Stalker  
  91  10:52  Zealot  
  91  10:56  Photon Cannon  
  95  10:57  Stalker  
  95  10:58  Protoss Ground Weapons Level 2  
  95  10:59  Stalker, Adept  
  101  11:08  Pylon  
  101  11:12  Zealot  
  101  11:14  Sentry, Zealot  
  101  11:17  Sentry  
  101  11:18  Adept  
  111  11:19  Robotics Facility  
  111  11:20  Zealot  
  111  11:21  Stargate  
  111  11:25  Nexus  
  113  11:32  Robotics Bay, Sentry, Adept, Stalker  
  119  11:34  Zealot  
  119  11:37  Stalker  
  123  11:40  High Templar  
  125  11:50  Immortal, Stalker  
  125  11:52  Stalker  
  133  11:55  Stalker x2  
  133  12:00  Zealot  
  119  12:08  Stalker, High Templar  
  97  12:09  Gravitic Boosters  
  97  12:15  High Templar  
  101  12:18  Sentry, Zealot  
  101  12:20  Zealot  
  101  12:22  Photon Cannon  
  107  12:27  Photon Cannon  
  107  12:29  Adept  
  109  12:30  Photon Cannon  
  109  12:31  Archon, High Templar  
  111  12:38  Stalker  
  111  12:40  Adept  
  111  12:41  Sentry  
  117  12:47  Zealot  
  117  12:48  Stalker  
  99  12:56  Disruptor  
  99  13:00  Sentry, Disruptor  
  99  13:01  Zealot  
  99  13:04  High Templar, Zealot  
  111  13:07  Zealot  
  111  13:09  Archon, Zealot  
  115  13:19  Assimilator  
  115  13:20  High Templar  
  115  13:21  Stalker  
  115  13:22  Stalker, Assimilator  
  115  13:23  Probe  
  115  13:24  Zealot  
  115  13:25  Probe, Stalker  
  110  13:27  Probe  
  110  13:32  Disruptor  
  89  13:36  Sentry  
  89  13:37  Probe  
  89  13:40  Zealot  
  89  13:43  Stalker  
  89  13:44  High Templar, Zealot  
  89  13:45  Adept  
  87  13:58  High Templar  
  87  14:01  Zealot  
  91  14:05  Adept  
  82  14:10  Stalker  
  82  14:13  High Templar  
  82  14:17  Stalker  
  66  14:22  Sentry  
  60  14:25  High Templar  
  60  14:26  High Templar  
  60  14:27  Probe  
  62  14:32  Archon  
  62  14:33  High Templar  
  62  14:36  Zealot, Nexus  
  64  14:39  Adept  
  63  14:46  High Templar  
  59  14:55  Zealot  
  59  14:59  Adept  
  63  15:00  Zealot  
  63  15:01  Probe  
  63  15:05  High Templar  
  64  15:08  Sentry  
  60  15:15  Stalker  
  60  15:19  Adept  
  60  15:20  High Templar  
  59  15:30  Adept  
  59  15:33  Probe, High Templar  
  59  15:34  Zealot  
  60  15:39  Zealot  
  51  15:47  Sentry  
  51  15:49  Adept  
  50  15:52  High Templar  
  45  15:58  Stalker  
  45  15:59  High Templar  
  44  16:13  High Templar  
  31  16:20  High Templar  
Tags
 
Add a new tag
Caveats
  • Supply blocks, unpowered buildings, or Contaminate may cause inaccurate times.
  • Supply counts are checked every 10 seconds.